 Dungeon Crawl Stone Soup version 0.27-a0-1071-ga85bd9520d (webtiles) character file.

Game seed: 13984352160237062857

15112 amOGus the Cleaver (level 11, -6/108 HPs)
             Began as a Deep Dwarf Fighter on Apr 24, 2021.
             Was a Priest of Makhleb.
             Mangled by a polar bear (8 damage)
             ... in an ice cave.
             The game lasted 00:05:58 (7576 turns).

amOGus the Cleaver (Deep Dwarf Fighter)             Turns: 7576, Time: 00:05:58

Health: -6/108     AC: 20    Str: 23    XL:     11   Next: 97%
Magic:  0/0        EV:  5    Int:  9    God:    Makhleb [***...]
Gold:   179        SH: 11    Dex: 12    Spells: 10/10 levels left

rFire    + + .     SeeInvis .   A - +3 hand axe (vorpal)
rCold    . . .     Faith    .   c - +0 kite shield
rNeg     . . .     Spirit   .   w - +0 plate armour
rPois    .         Reflect  .   j - +2 hat
rElec    +         Harm     .   u - +1 cloak
rCorr    .         Rampage  .   (no gloves)
Will     +....                  n - +1 pair of boots of Melacol {rElec Stlth+}
Stlth    ..........             (no amulet)
HPRegen  0.00/turn              f - ring of protection from fire
MPRegen  0.07/turn              z - ring of protection from fire

@: non-regenerating, very slow
A: damage resistance, heal wounds, sense surroundings 2, no regeneration
a: Heal Wounds, Renounce Religion, Minor Destruction, Lesser Servant of Makhleb


You were in an ice cave.
You worshipped Makhleb.
Makhleb was most pleased with you.
You visited 2 branches of the dungeon, and saw 12 of its levels.
You also visited: Ossuary and Ice Cave.

You collected 454 gold pieces.
You spent 275 gold pieces at shops.

Inventory:

Hand Weapons
 a - a +0 war axe
 h - a +0 trident of distortion
   (You found it on level 7 of the Dungeon)
 A - a +3 vorpal hand axe (weapon)
   (You took it off an orc on level 7 of the Dungeon)
Missiles
 b - 2 throwing nets
Armour
 c - a +0 kite shield (worn)
 j - a +2 hat (worn)
   (You found it on level 5 of the Dungeon)
 n - the +1 pair of boots of Melacol (worn) {rElec Stlth+}
   (You found it on level 7 of the Dungeon)

   It insulates you from electricity.
   It makes you more stealthy.
 u - a +1 cloak (worn)
   (You took it off Crazy Yiuf on level 5 of the Dungeon)
 v - a +4 scale mail of poison resistance
   (You took it off Duvessa on level 7 of the Dungeon)
 w - a +0 plate armour (worn)
   (You took it off an orc warrior on level 7 of the Dungeon)
Jewellery
 f - a ring of protection from fire (left hand)
   (You found it on level 8 of the Dungeon)
 z - a ring of protection from fire (right hand)
   (You found it on level 9 of the Dungeon)
Wands
 D - a wand of paralysis (2)
   (You found it on level 8 of the Dungeon)
Scrolls
 i - 2 scrolls of fog
 l - 2 scrolls of enchant weapon
 o - a scroll of fear
 p - a scroll of summoning
 t - 6 scrolls of teleportation
 x - 2 scrolls of magic mapping
 y - a scroll of silence
 C - a scroll of enchant armour
Potions
 d - 3 potions of might
 e - 2 potions of ambrosia
 k - 2 potions of heal wounds
 m - 2 potions of magic
 q - 10 potions of curing
 s - 3 potions of attraction {unknown}
 E - a potion of cancellation


   Skills:
 * Level 10.0 Fighting
 * Level 11.5 Axes
 + Level 8.7 Armour
 + Level 8.7 Shields
 * Level 10.0 Invocations


You had 10 spell levels left.
You didn't know any spells.
Your spell library was empty.

Dungeon Overview and Level Annotations

Branches:
Dungeon (11/15)            Temple (1/1) D:5            Lair (0/6) D:8
    Orc (0/2) D:9         Ossuary (visited)           IceCv (1/1)

Altars:
Ashenzari
Cheibriados
Fedhas
Gozag
Hepliaklqana
Kikubaaqudgha
Makhleb
Nemelex Xobeh
Okawaru
Qazlal
Ru
Sif Muna
Trog
Uskayaw
Vehumet
Wu Jian
Xom
Yredelemnul
Zin
The Shining One

Shops:
D:4 *   D:10 !

Annotations:
D:3 3 runed translucent doors, 1player's ghost, amateur OpTm


Innate Abilities, Weirdness & Mutations

You are resistant to damage.
You can heal yourself by infusing magical energy.
You passively map the area around you.
You do not regenerate.


Message History

You are too injured to fight recklessly!
You slash the polar bear!
The polar bear is almost dead.
You hit the polar bear but do no damage.
You are engulfed in freezing vapours.
* * * LOW HITPOINT WARNING * * *
The polar bear is engulfed in freezing vapours.
The polar bear bites you but does no damage.
You block the polar bear's attack. x2
The polar bear is engulfed in freezing vapours.
You block the polar bear's attack.
The polar bear claws you but does no damage. x2
Your unstable footing causes you to fumble your attack.
You are engulfed in freezing vapours.
* * * LOW HITPOINT WARNING * * *
The polar bear bites you but does no damage.
You block the polar bear's attack.
The polar bear claws you but does no damage.
The polar bear is engulfed in freezing vapours.
The polar bear goes berserk!
Your unstable footing causes you to fumble your attack.
The polar bear bites you!
* * * LOW HITPOINT WARNING * * *
You block the polar bear's attack.
The polar bear claws you but does no damage.
The polar bear is engulfed in freezing vapours.
You block the polar bear's attack.
The polar bear claws you but does no damage.
You block the polar bear's attack. The polar bear bites you!
* * * LOW HITPOINT WARNING * * *
The polar bear completely misses you. The polar bear claws you.
Your unstable footing causes you to fumble your attack.
The polar bear is engulfed in freezing vapours.
You block the polar bear's attack.
The polar bear claws you but does no damage.
The polar bear barely misses you. The polar bear bites you.
The polar bear barely misses you. The polar bear completely misses you.
The polar bear is engulfed in freezing vapours.
The polar bear bites you!
You die...

* * * ≈
* , .##
, ≈≈ ,
..# * ≈
* , #..#
* ...
*,,
##..* ,
##..## *
≈ * ,
**,
##°h#.#
, ,
#..@h#,,
≈ *
##..##,
* ,
,##..##
,
##..#**
* **
≈##.## ,
,*, , ≈
#..##
,,* *
##...# ,
, , ≈
#...## ,
*,
##†.†#


You could see 2 polar bears.

Vanquished Creatures
  Gastronok (D:9)
  Harold (D:7)
  A catoblepas (D:8)
  Erica (D:9)
  2 two-headed ogres
  Pikel (D:7)
  A manticore (D:11)
  A cyclops (D:11)
  Maggie (D:9)
  An unseen horror (D:10)
  Grinder (D:5)
  A meliai zombie (D:11)
  Sigmund (D:2)
  9 yaks
  3 wyverns
  4 vampire mosquitoes (D:10)
  A warg (D:9)
  2 acid dragons
  Duvessa (D:7)
  3 water moccasins
  10 ice beasts
  A black bear (D:5)
  An orc warrior (D:7)
  A sky beast (D:8)
  3 wolves (IceCv)
  2 ogres
  A phantom (D:5)
  4 centaurs
  4 lemures (D:7)
  2 kobold brigands
  A wyvern zombie (Ossuary)
  4 bullfrogs
  A gnoll sergeant (D:11)
  Dowan (D:7)
  2 water moccasin zombies (Ossuary)
  2 scorpions
  15 killer bees
  A water moccasin skeleton (D:5)
  5 howler monkeys
  6 centaur zombies
  Crazy Yiuf (D:5)
  3 bullfrog zombies (Ossuary)
  2 orc priests
  2 hounds
  2 jellies
  A gnoll shaman (D:9)
  Jessica (D:2)
  Ijyb (D:4)
  8 orc wizards
  3 killer bee zombies
  A hound skeleton (D:4)
  16 mummies (Ossuary)
  3 howler monkey zombies
  19 gnolls
  2 howler monkey skeletons
  5 adders
  2 shadow imps
  An ufetubus (D:4)
  A dart slug (D:5)
  2 worms (D:2)
  23 orcs
  5 ball pythons
  4 endoplasms
  3 giant cockroaches
  3 goblins (D:2)
  5 hobgoblins
  7 jackals
  2 quokkas
  2 bats (D:3)
  3 frilled lizards
  9 kobolds
  3 rats (D:2)
249 creatures vanquished.

Vanquished Creatures (others)
  A polar bear (IceCv)
  4 withered plants (Ossuary)
5 creatures vanquished.

Grand Total: 254 creatures vanquished

Notes
Turn   | Place    | Note
-------+----------+-------------------------------------------
     0 | D:1      | amOGus the Deep Dwarf Fighter began the quest for the Orb.
     0 | D:1      | Reached XP level 1. HP: 20/20 MP: 1/1
    33 | D:1      | Reached XP level 2. HP: 25/27 MP: 2/2
   154 | D:2      | Noticed Sigmund
   179 | D:2      | Killed Sigmund
   180 | D:2      | Reached skill level 4 in Axes
   180 | D:2      | Reached XP level 3. HP: 21/36 MP: 3/3
   180 | D:2      | Reached XP level 4. HP: 25/44 MP: 4/4
   180 | D:2      | Reached XP level 5. HP: 29/50 MP: 5/5
   286 | D:2      | Reached XP level 6. HP: 34/57 MP: 6/6
   346 | D:2      | Noticed Jessica
   351 | D:2      | Killed Jessica
   440 | D:3      | Noticed 1player's ghost (amateur OpTm)
   451 | D:3      | Found a runed translucent gate.
   451 | D:3      | Found a runed translucent gate.
   451 | D:3      | Found a runed translucent gate.
   561 | D:3      | Found a hazy altar of Hepliaklqana.
   912 | D:4      | Noticed Ijyb
   921 | D:4      | Reached skill level 5 in Axes
   930 | D:4      | Killed Ijyb
   931 | D:4      | Reached XP level 7. HP: 43/66 MP: 5/5
  1071 | D:4      | Found a bloodstained altar of Trog.
  1072 | D:4      | Found a radiant altar of Vehumet.
  1169 | D:4      | Found a sand-covered staircase.
  1201 | Ossuary  | Entered an ossuary
  1252 | Ossuary  | Reached skill level 5 in Fighting
  1296 | Ossuary  | Reached skill level 5 in Armour
  1300 | Ossuary  | Reached skill level 5 in Shields
  1319 | Ossuary  | Reached skill level 6 in Axes
  1347 | Ossuary  | Reached XP level 8. HP: 69/75 MP: 5/5
  1495 | D:4      | Found Zin's Purification Station.
  1498 | D:4      | Found a glowing silver altar of Zin.
  1517 | D:4      | Found an ancient bone altar of Kikubaaqudgha.
  1732 | D:5      | Entered Level 5 of the Dungeon
  1794 | D:5      | Reached skill level 7 in Axes
  2011 | D:5      | Found a staircase to the Ecumenical Temple.
  2030 | D:5      | Noticed Grinder
  2032 | D:5      | Paralysed by Grinder for 2 turns
  2063 | D:5      | Killed Grinder
  2064 | D:5      | Gained mutation: You passively map the area around you.
                  | [Deep Dwarf growth]
  2064 | D:5      | Reached XP level 9. HP: 40/85 MP: 3/3
  2065 | D:5      | Reached skill level 8 in Axes
  2103 | Temple   | Entered the Ecumenical Temple
  2343 | Temple   | Became a worshipper of Makhleb the Destroyer
  2540 | D:5      | Found a runed translucent door.
  2541 | D:5      | Noticed Crazy Yiuf
  2549 | D:5      | Killed Crazy Yiuf
  2596 | D:6      | Reached skill level 1 in Invocations
  3639 | D:7      | Noticed Pikel
  3670 | D:7      | Killed Pikel
  3671 | D:7      | Reached skill level 9 in Axes
  3808 | D:7      | Noticed Duvessa
  3811 | D:7      | Noticed Dowan
  3823 | D:7      | Killed Duvessa
  3836 | D:7      | Killed Dowan
  3938 | D:7      | Reached * piety under Makhleb
  3944 | D:7      | Reached XP level 10. HP: 70/96 MP: 5/5
  4080 | D:7      | Noticed Harold
  4106 | D:7      | Killed Harold
  4107 | D:7      | Reached skill level 5 in Invocations
  4580 | D:7      | Identified the +1 pair of boots of Melacol {rElec Stlth+}
  4746 | D:8      | Noticed a two-headed ogre
  4795 | D:7      | Killed a two-headed ogre
  5028 | D:8      | Found a staircase to the Lair.
  5052 | D:8      | Reached skill level 10 in Axes
  5202 | D:8      | Noticed a catoblepas
  5247 | D:8      | Killed a catoblepas
  5298 | D:8      | Found a hide-covered altar of Uskayaw.
  5317 | D:8      | Reached ** piety under Makhleb
  5706 | D:9      | Reached XP level 11. HP: 90/106 MP: 2/2
  5798 | D:9      | Noticed a two-headed ogre
  5804 | D:9      | Noticed Erica
  5812 | D:9      | Killed a two-headed ogre
  5826 | D:9      | Killed Erica
  6071 | D:9      | Found a staircase to the Orcish Mines.
  6153 | D:9      | Noticed Maggie
  6180 | D:9      | Killed Maggie
  6198 | D:9      | Found a sparkling altar of Nemelex Xobeh.
  6200 | D:9      | Noticed Gastronok
  6220 | D:9      | Killed Gastronok
  6298 | D:10     | Entered Level 10 of the Dungeon
  6433 | D:10     | Reached skill level 11 in Axes
  6734 | D:10     | Found Ramm's Distillery.
  6755 | D:10     | Bought a potion of might for 44 gold pieces
  6755 | D:10     | Bought a potion of might for 44 gold pieces
  6755 | D:10     | Bought a potion of might for 44 gold pieces
  6755 | D:10     | Bought a potion of heal wounds for 55 gold pieces
  6755 | D:10     | Bought a potion of cancellation for 88 gold pieces
  7071 | D:10     | Reached *** piety under Makhleb
  7307 | D:11     | Noticed a seven-headed hydra
  7464 | D:11     | Found a frozen archway.
  7494 | D:11     | Reached skill level 10 in Fighting
  7518 | IceCv    | Entered an ice cave
  7527 | IceCv    | Reached skill level 10 in Invocations
  7575 | IceCv    | HP: 2/108 [polar bear (6)]
  7576 | IceCv    | Mangled by a polar bear

Illustrated notes

Levels and vault maps discovered:
D:1:      minmay_arrival_semitransparent, layout_loops_ring,
          wander_ebering_terrifying_dragon_lair
D:2:      layout_basic, uniq_jessica, uniq_sigmund
D:3:      layout_loops_corners, lemuel_crystal_altar, gammafunk_ghost_split
D:4:      layout_rooms, zin_purify, nicolae_overflow_hidden_temple,
          kennysheep_little_box, nicolae_ossuary_entry_ruins, uniq_ijyb
D:5:      layout_rooms, minmay_temple_entry_sparse_star,
          uniq_crazy_yiuf_cottage, uniq_grinder
D:6:      layout_layer_cave, nicolae_underground_beach
D:7:      layout_basic, uniq_duvessa, uniq_harold, uniq_pikel
D:8:      layout_cave_pods, general_overflow_altar, lair_entry_dummy,
          roderic_nine_men_s_morris, hex_tiny
D:9:      layout_gridville, amcnicky_altar_gilded, david_orc_3, uniq_maggie,
          uniq_erica, uniq_gastronok
D:10:     layout_loops_corners, serial_shops, nicolae_shop_waterfront
D:11:     layout_stronghold, portal_ice_cave_entry_ice_beasts
Temple:   nicolae_temple_figure_eight
IceCv:    ice_cave_caverns_02

Skill      XL: |  1  2  3  4  5  6  7  8  9 10 11 |
---------------+----------------------------------+-----
Fighting       | 3 4 5 6 7 9 10 | 10.0
Axes           | 4 5 6 7 9 10 11 | 11.5
Armour         | 4 5 6 7 8 |  8.7
Shields        | 4 5 6 7 8 |  8.7
Invocations    | 4 7 10 | 10.0

Action                   |  1- 3 |  4- 6 |  7- 9 | 10-12 || total
-------------------------+-------+-------+-------+-------++-------
Melee: War axe           |    53 |    99 |   434 |     3 ||   589
       Hand axe          |       |       |       |   502 ||   502
 Abil: Heal Wounds       |     3 |     9 |    29 |    38 ||    79
Evoke: Wand              |       |       |       |     7 ||     7
  Use: Potion            |     1 |       |     1 |     1 ||     3
       Scroll            |       |     2 |     7 |     8 ||    17
 Stab: Paralysed         |       |       |       |     7 ||     7
Armor: Scale mail        |    25 |    22 |   332 |    36 ||   415
       Plate armour      |       |       |       |   376 ||   376
Dodge: Dodged            |    27 |    30 |   220 |   146 ||   423
Block: Kite shield       |    37 |    72 |   372 |   364 ||   845

Table legend: (Time is in decaauts)
 A = Elapsed time spent in this place.
 B = Non-inter-level travel time spent in this place.
 C = Inter-level travel time spent in this place.
 D = Time resting spent in this place.
 E = Time spent auto-exploring this place.
 F = Levels seen in this place.
 G = Mean time per level.
                   A        B        C        D        E       F      G
               +--------+--------+--------+--------+--------+-----+--------+
         Total |   7804 |   7329 |    475 |     36 |   5290 |  14 |  557.4 |
       Dungeon |   7129 |   6723 |    406 |     36 |   5033 |  11 |  648.1 |
        Temple |    276 |    208 |     68 |      0 |    207 |   1 |  276.0 |
       Ossuary |    344 |    344 |      0 |      0 |     24 |   1 |  344.0 |
      Ice Cave |     54 |     54 |      0 |      0 |     26 |   1 |   54.0 |
               +--------+--------+--------+--------+--------+-----+--------+

Top non-repeatable levels by time:
     D:7: 1232 daAuts
     D:6: 1073 daAuts
    D:10: 979 daAuts
     D:8: 831 daAuts
     D:9: 640 daAuts
     D:5: 607 daAuts
     D:4: 603 daAuts
     D:3: 513 daAuts
 Ossuary: 344 daAuts
     D:2: 298 daAuts
  Temple: 276 daAuts
    D:11: 214 daAuts
     D:1: 135 daAuts
   IceCv: 54 daAuts
